 Seeded DCSS version 0.28.0-53-g5a82cb258f (webtiles) character file.

Game seed: 9332219544755969720 (custom seed)

2626745 oldmanjim the Slayer (level 26, 251/251 HPs)
             Began as a Deep Dwarf Fighter on June 22, 2022.
             Was the Champion of Jiyva.
             Escaped with the Orb
             ... and 4 runes on June 25, 2022!
             The game lasted 06:53:20 (56920 turns).

oldmanjim the Slayer (Deep Dwarf Fighter)          Turns: 56920, Time: 06:53:21

Health: 251/251    AC: 57    Str: 40    XL:     26   Next: 15%
Magic:  25/25      EV: 15    Int:  6    God:    Jiyva [******]
Gold:   7279       SH: 25    Dex: 12    Spells: 35/37 levels left

rFire   + + +      SeeInvis +   N - +7 morningstar of Polyqyaj {holy, Will+ Str+4}
rCold   + + +      Faith    .   A - +2 shield of Resistance {rF++ rC++ Will++}
rNeg    + + +      Spirit   .   p - +18 gold dragon scales "Tukhlafa" {-Cast rPois rF+ rC+ rCorr Stlth+}
rPois   +          Reflect  +   v - +2 helmet {SInv}
rElec   +          Harm     .   O - scarf {repulsion}
rCorr   +          Rampage  .   L - +2 pair of gloves "Omakk" {rF++ rN+++ Will- Regen+}
Will    +++++      NoCast   +   o - +0 pair of boots of the Fisher {Fly Str+2}
Stlth   ..........              e - amulet of reflection
HPRegen 1.60/turn               j - ring of Winter {+Blink rPois rC++ Str+6 Int-5}
MPRegen 0.69/turn               P - ring of Lesser Demons {rElec AC+4 Slay+3}

@: flying, repel missiles
A: damage resistance, heal wounds, negative energy resistance 1, sense
surroundings 3, no regeneration, hooves 2, large bone plates 1, cold resistance
2, frail 1, screaming 1, weak 1, wild magic 3, engulf, noise suppression
0: Orb of Zot
}: 4/15 runes: decaying, serpentine, slimy, silver
a: Heal Wounds, Renounce Religion, Evoke Blink, Oozemancy, Slimify


You escaped.
You worshipped Jiyva.
Jiyva was exalted by your worship.
You visited 12 branches of the dungeon, and saw 57 of its levels.
You visited the Abyss 1 time.
You also visited: Trove, Ossuary, Bailey, Gauntlet, Ice Cave, Wizlab and Desolation.

You collected 7953 gold pieces.
You spent 674 gold pieces at shops.

Inventory:

Hand Weapons
 a - the +11 morningstar "Urradoul" {drain, rC+}
   (You found it in the Desolation of Salt)

   A truly terrible weapon, it drains the life of any living foe it strikes.
   rC:        It protects you from cold.
 b - a +7 hand crossbow of flaming
 N - the +7 morningstar of Polyqyaj (weapon) {holy, Will+ Str+4}
   (You found it on level 11 of the Dungeon)

   It has been blessed by the Shining One to cause great damage to the undead
   and demons.
   Str:       It affects your strength (+4).
   Will:      It increases your willpower.
Missiles
 h - 22 boomerangs (quivered)
 l - 1131 bolts
 U - a throwing net
Armour
 o - the +0 pair of boots of the Fisher (worn) {Fly Str+2}
   (You found it on level 10 of the Dungeon)

   Str:       It affects your strength (+2).
   Fly:       It grants you flight.
 p - the +18 gold dragon scales "Tukhlafa" (worn) {-Cast rPois rF+ rC+ rCorr Stlth+}
   (You found it on level 5 of the Pits of Slime)

   rF:        It protects you from fire.
   rC:        It protects you from cold.
   rPois:     It protects you from poison.
   -Cast:     It prevents spellcasting.
   rCorr:     It protects you from acid and corrosion.
   Stlth:     It makes you more stealthy.
 v - a +2 helmet of see invisible (worn)
 A - the +2 shield of Resistance (worn) {rF++ rC++ Will++}
   (You found it on level 13 of the Dungeon)

   rF:        It greatly protects you from fire.
   rC:        It greatly protects you from cold.
   Will:      It greatly increases your willpower.
 K - the +0 hat of Burnt Life {rC++ Int+4}
   (You found it in a Gauntlet)

   Int:       It affects your intelligence (+4).
   rC:        It greatly protects you from cold.
 L - the +2 pair of gloves "Omakk" (worn) {rF++ rN+++ Will- Regen+}
   (You found it in a treasure trove)

   rF:        It greatly protects you from fire.
   rN:        It renders you almost immune to negative energy.
   Regen:     It increases your rate of health regeneration.
   Will:      It decreases your willpower.
 O - a scarf of repulsion (worn)
 T - a +1 cloak of willpower
 Y - a +2 tower shield of cold resistance
Jewellery
 e - an amulet of reflection (around neck)
 g - a +6 ring of dexterity
 j - the ring of Winter (left hand) {+Blink rPois rC++ Str+6 Int-5}
   (You acquired it on level 13 of the Dungeon)

   [ring of strength]

   Str:       It affects your strength (+6).
   Int:       It affects your intelligence (-5).
   rC:        It greatly protects you from cold.
   rPois:     It protects you from poison.
   +Blink:    It lets you blink.
 u - the ring "Ogeapeos" {rF+ rCorr MP-9 Int+6 SInv}
   (You found it on level 5 of the Pits of Slime)

   [ring of intelligence]

   Int:       It affects your intelligence (+6).
   rF:        It protects you from fire.
   MP:        It affects your magic capacity (-9).
   SInv:      It lets you see invisible.
   rCorr:     It protects you from acid and corrosion.
 P - the ring of Lesser Demons (right hand) {rElec AC+4 Slay+3}
   (You found it on level 1 of the Lair of Beasts)

   [ring of protection]

   AC:        It affects your AC (+4).
   Slay:      It affects your accuracy & damage with ranged weapons and melee
   (+3).
   rElec:     It insulates you from electricity.
Wands
 w - a wand of digging (7)
 z - a wand of acid (37)
 G - a wand of iceblast (29)
Scrolls
 f - 2 scrolls of silence
 m - 6 scrolls of enchant armour
 q - 5 scrolls of blinking
 s - 5 scrolls of immolation
 t - 6 scrolls of fear
 y - 2 scrolls of amnesia
 B - 10 scrolls of fog
 D - 3 scrolls of magic mapping
 H - a scroll of holy word
 I - a scroll of summoning
 M - a scroll of enchant weapon
 X - 13 scrolls of teleportation
Potions
 d - 7 potions of might
 i - 4 potions of cancellation
 k - 22 potions of curing
 r - 8 potions of brilliance
 x - 7 potions of heal wounds
 C - 4 potions of magic
 E - 9 potions of ambrosia
 F - 2 potions of invisibility
 J - 2 potions of berserk rage
 R - 7 potions of resistance
 V - 5 potions of mutation
 W - a potion of haste
Miscellaneous
 c - a condenser vane
 n - a lightning rod (4/4)
 Q - a phial of floods
 S - a box of beasts


   Skills:
 + Level 24.4 Fighting
 - Level 14.0(17.6) Axes
 - Level 16.2(18.0) Maces & Flails
 - Level 10.0 Crossbows
 + Level 24.1 Armour
 + Level 19.9 Dodging
 - Level 1.3 Stealth
 - Level 18.0 Shields
 - Level 6.0 Spellcasting
 - Level 15.0 Evocations


You had 35 spell levels left.
You knew the following spells:

 Your Spells              Type           Power      Damage    Failure   Level
a - Wereblood             Tmut           3%         N/A       99%         2

Your spell library contained the following spells:

 Spells                   Type           Power      Damage    Failure   Level
 Animate Skeleton         Necr           6%         N/A       97%         1
 Apportation              Tloc           6%         N/A       97%         1
 Foxfire                  Conj/Fire      12%        2x1d4     97%         1
 Freeze                   Ice            12%        1d4       97%         1
 Magic Dart               Conj           12%        1d3       97%         1
 Pain                     Necr           12%        1d4       97%         1
 Shock                    Conj/Air       12%        1d3       97%         1
 Slow                     Hex            12%        N/A       97%         1
 Summon Small Mammal      Summ           12%        N/A       97%         1
 Blink                    Tloc           6%         N/A       99%         2
 Call Imp                 Summ           3%         N/A       99%         2
 Corpse Rot               Necr/Air       6%         N/A       99%         2
 Ensorcelled Hibernation  Hex/Ice        6%         N/A       99%         2
 Passwall                 Tmut/Erth      2%         N/A       99%         2
 Poisonous Vapours        Pois/Air       6%         N/A       99%         2
 Scorch                   Fire           6%         2d5       99%         2
 Sublimation of Blood     Necr           3%         N/A       99%         2
 Call Canine Familiar     Summ           3%         N/A       100%        3
 Confusing Touch          Hex            3%         N/A       100%        3
 Conjure Flame            Conj/Fire      3%         6-21      100%        3
 Dazzling Flash           Conj/Hex       6%         N/A       100%        3
 Frozen Ramparts          Ice            6%         1d2       100%        3
 Ignite Poison            Fire/Tmut/Pois 3%         N/A       100%        3
 Inner Flame              Hex/Fire       3%         N/A       100%        3
 Lesser Beckoning         Tloc           3%         N/A       100%        3
 Mephitic Cloud           Conj/Pois/Air  3%         N/A       100%        3
 Spider Form              Tmut/Pois      3%         N/A       100%        3
 Stone Arrow              Conj/Erth      6%         3d7       100%        3
 Swiftness                Air            3%         N/A       100%        3
 Tukima's Dance           Hex            3%         N/A       100%        3
 Vampiric Draining        Necr           3%         2d6       100%        3
 Airstrike                Air            1%         N/A       100%        4
 Animate Armour           Summ/Erth      6%         N/A       100%        4
 Flame Wave               Conj/Fire      3%         2d4       100%        4
 Hailstorm                Conj/Ice       3%         3d3       100%        4
 Ice Form                 Ice/Tmut       3%         N/A       100%        4
 Leda's Liquefaction      Hex/Erth       1%         N/A       100%        4
 Passage of Golubria      Tloc           3%         N/A       100%        4
 Petrify                  Tmut/Erth      3%         N/A       100%        4
 Sticky Flame             Conj/Fire      3%         2d3       100%        4
 Summon Ice Beast         Ice/Summ       3%         N/A       100%        4
 Summon Lightning Spire   Summ/Air       3%         N/A       100%        4
 Agony                    Necr           3%         N/A       100%        5
 Alistair's Intoxication  Tmut/Pois      2%         N/A       100%        5
 Excruciating Wounds      Necr           1%         N/A       100%        5
 Irradiate                Conj/Tmut      1%         3d14      100%        5
 Lightning Bolt           Conj/Air       1%         1d12      100%        5
 Manifold Assault         Tloc           3%         N/A       100%        5
 Metabolic Englaciation   Hex/Ice        1%         N/A       100%        5
 Silence                  Hex/Air        1%         N/A       100%        5
 Summon Forest            Summ/Tloc      1%         N/A       100%        5
 Summon Mana Viper        Hex/Summ       3%         N/A       100%        5
 Yara's Violent Unravell  Hex/Tmut       1%         3d3       100%        5
 Eringya's Noxious Bog    Tmut/Pois      1%         N/A       100%        6
 Statue Form              Tmut/Erth      2%         N/A       100%        6
 Haunt                    Necr/Summ      1%         N/A       100%        7
 Ozocubu's Refrigeration  Ice            1%         4d5       100%        7
 Summon Hydra             Summ           1%         N/A       100%        7
 Borgnjor's Revivificati  Necr           1%         N/A       100%        8
 Lehudib's Crystal Spear  Conj/Erth      1%         10d2      100%        8
 Maxwell's Capacitive Co  Air            1%         ∞         100%        8
 Necromutation            Tmut/Necr      1%         N/A       100%        8
 Death's Door             Necr           1%         N/A       100%        9
 Dragon's Call            Summ           1%         N/A       100%        9
 Polar Vortex             Ice            1%         N/A       100%        9


Dungeon Overview and Level Annotations

Branches:
Dungeon (15/15)            Temple (1/1) D:4            Lair (6/6) D:8
  Swamp (4/4) Lair:2        Snake (4/4) Lair:2        Slime (5/5) Lair:6
    Orc (2/2) D:12            Elf (3/3) Orc:2        Vaults (5/5) D:13
  Crypt (3/3) Vaults:3       Tomb (0/3) Crypt:3      Depths (4/4) D:15
    Zot (5/5) Depths:4    Ossuary (visited)          Bailey (visited)
  IceCv (visited)          WizLab (visited)         Desolation (visited)
Gauntlet (visited)

Altars:
Ashenzari
Cheibriados
Dithmenos
Elyvilon
Fedhas
Gozag
Hepliaklqana
Kikubaaqudgha
Makhleb
Nemelex Xobeh
Okawaru
Qazlal
Ru
Sif Muna
Trog
Uskayaw
Vehumet
Wu Jian
Xom
Yredelemnul
Zin
The Shining One
Jiyva
Lugonu

Shops:
D:1 !   D:12 :   D:15 *   Orc:2 !=(:   Elf:1 [   Elf:3 ?(   Snake:2 **
Vaults:3 [*[   Vaults:4 !

Portals:
Hell: Depths:1 Depths:2 Depths:3 Depths:4
Abyss: Depths:1 Depths:2 Depths:3
Pandemonium: Depths:2 Depths:3
Ziggurat: Depths:3

Annotations:
D:13 1 runed translucent door
Slime:5 Royal Jelly


Innate Abilities, Weirdness & Mutations

You are resistant to damage.
You can heal yourself by infusing magical energy.
You resist negative energy. (rN+)
You passively map a large area around you.
You do not regenerate.
You have hoof-like feet.
You are partially covered in large bone plates. (SH +4)
Your flesh is very cold resistant. (rC++)
You are frail. (-10% HP)
You occasionally shout uncontrollably at your foes.
You are weak. (Str -2)
Your spells are much harder to cast, but much more powerful.
Your melee attacks may engulf your foes in ooze.
You passively dampen the noise of your surroundings.


Message History

There is a stone staircase leading up here.
You hear a distant slurping noise.
You fly upwards.
There is a stone staircase leading down here.
There is a stone staircase leading up here.
You fly upwards.
There is a stone staircase leading down here.
An angel comes into view. It is wielding a +1 whip of holy wrath.
You yell at the angel!
A balrug and 4 sun demons come into view.
The balrug is wielding a +0 demon whip of venom.
You yell at the sun demon!
The sun demon shouts! x2
There is a stone staircase leading up here.
The balrug gestures at you. Something smites you!
You block the angel's attack. x2
You fly upwards.
You hear a splatter.
There is a stone staircase leading down here.
You hear a distant slurping noise.
There is a stone staircase leading up here.
You fly upwards.
There is a stone staircase leading down here.
An Executioner and 2 large abominations come into view.
The Executioner moves out of view.
There is an escape hatch in the ceiling here.
A mysterious force pulls you upwards. The hatch slams shut behind you.
You see here a +0 club.
Jiyva says: Divide and consume!
There is an open door here.
You hear a distant slurping noise.
You hear a distant slurping noise.
You hear a distant slurping noise. x3
You hear a distant slurping noise.
There is an open door here.
There is an open door here.
There is an open door here.
You hear a distant slurping noise.
There is a staircase leading out of the dungeon here.
You have escaped!

...#
#.#.#.............##.#
.#.#
#.#.#.###########.##.#
.#.#
#.#.#..#.......#..##.#
.#.#
#.#.#.#.#######.#.##.#
.#.#
#.#.#.##.......##.##.##
.#.#
#.#.#.#.###'###.#.##..#
.#.#
#...#.#.#.....#.#.###.#
.#.#
#.###.#.#.....#.#.###.#
.#.#
#.'.'.#.'..@..'.#.'.'.#
.#.#
#####.#.#.....#.#.#####
.#.# #.#.#.....#.#.#
>#.# #.#.###+###.#.#
##+#####
#.##.......##.#
.......#
#.#.#######.#.#
.......#
#..#.......#..#
.......#
#.###########.#
.......#
#.............#


There were no monsters in sight!

Vanquished Creatures
  2 dread liches
  4 ancient liches (Zot:5)
  3 orbs of fire
  A juggernaut (Depths:2)
  Boris (4 times) (Vaults:4 Depths:3 Crypt:1 Crypt:2)
  3 Killer Klowns (Zot:5)
  the Lernaean hydra (Swamp:4)
  Saint Roka (Elf:3)
  2 curse toes
  Vashnia (Snake:2)
  Xtahua (Crypt:2)
  Frederick (Crypt:3)
  6 golden dragons
  Nikola (Snake:3)
  4 bone dragons
  8 electric golems
  Jorgrun (Snake:2)
  A shard shrike zombie (Crypt:3)
  7 tentacled monstrosities
  28 Orb Guardians
  An Ice Fiend (Zot:2)
  5 liches
  2 deep elf blademasters (Elf:3)
  2 deep elf master archers (Elf:3)
  6 titans
  A tentacled starspawn (Abyss:2)
  8 quicksilver dragons
  5 death cobs
  2 sphinxes
  9 shadow dragons
  A thorn hunter (Swamp:2)
  5 ancient champions
  The ghost of Raot the Warrior, an adept MiFi of Okawaru (Snake:3)
  10 storm dragons
  Kirke (D:15)
  7 tengu reavers
  A draconian monk (Zot:2)
  Donald (Snake:2)
  3 draconian knights
  5 fire giants
  2 revenants
  5 nagarajas
  4 frost giants
  5 draconian scorchers
  3 imperial myrmidons (Desolation)
  13 vault wardens
  An orc warlord (Vaults:1)
  9 deep elf sorcerers
  Aizul (Snake:2)
  4 curse skulls
  4 draconian shifters
  A caustic shrike zombie (Crypt:1)
  3 deep elf elementalists (Elf:3)
  2 ghost moths
  Louise (Elf:3)
  An iron dragon (Vaults:5)
  11 ghouls
  17 ironbound preservers
  5 draconian stormcallers
  2 spriggan defenders (Depths:2)
  8 war gargoyles
  29 very ugly things
  A caustic shrike skeleton (D:15)
  8 ironbound thunderhulks
  The ghost of Woods the Martial Artist, a journeyman GnTm of Ashenzari (Orc:2)
  9 vampire knights
  14 stone giants
  A reaper (Crypt:1)
  6 deep elf demonologists
  14 deep elf annihilators
  4 green draconians
  6 white draconians
  Azrael (Snake:1)
  3 eleionomae (Swamp:2)
  2 entropy weavers
  A dire elephant (Vaults:2)
  A halazid warlock (Desolation)
  A purple draconian (Zot:3)
  6 bunyips
  A lorocyproca (Zot:1)
  A minotaur (Gauntlet)
  2 eidola
  9 red draconians
  4 spark wasps (Depths:2)
  10 yellow draconians
  A purple draconian (shapeshifter) (Zot:1)
  5 black draconians
  The ghost of Valamore the Severer, a journeyman HOFi of Okawaru (Lair:1)
  A red draconian (shapeshifter) (Zot:1)
  Snorg (D:11)
  5 crystal guardians
  7 deep elf death magi
  2 ragged hierophants (Desolation)
  2 blizzard demons
  10 jiangshi
  10 ettins
  6 deep elf high priests
  14 yaktaur captains
  6 fire dragons
  14 naga warriors
  4 boulder beetles
  9 ice dragons
  7 ironbound frosthearts
  10 servants of whispers (Desolation)
  6 peacekeepers
  3 salamander tyrants
  4 rakshasas
  32 hydras
  A spriggan skeleton (Crypt:2)
  2 spriggan air magi
  A juggernaut simulacrum (Crypt:2)
  29 vault guards
  7 ogre magi
  4 ghost crabs
  4 catoblepae
  12 anacondas
  16 two-headed ogres
  7 alligators
  12 centaur warriors
  5 death knights
  4 vampire magi
  6 deep troll earth magi
  39 dancing weapons
  3 deep troll shamans
  An orc high priest (Elf:2)
  15 death yaks (Lair:6)
  2 titan zombies
  9 shock serpents
  4 tengu warriors
  Sonja (D:10)
  20 naga sharpshooters
  4 spriggan berserkers
  A storm dragon zombie (Crypt:3)
  3 soul eaters
  A fire crab (shapeshifter) (D:15)
  13 hell knights
  16 deep elf knights
  A fire crab (Lair:3)
  Nergalle (Orc:1)
  7 salamander mystics
  6 iron trolls
  A sixfirhy (Depths:2)
  31 skeletal warriors
  A golden dragon zombie (Crypt:3)
  4 orb spiders (Zot:1)
  6 goliath frogs
  A bunyip zombie (Crypt:1)
  4 sea snakes
  11 swamp dragons
  2 shadow demons
  2 flayed ghosts
  2 spriggan druids (Swamp:4)
  29 deep trolls
  21 ironbound convokers
  An orange crystal statue (Vaults:4)
  9 deep elf archers
  2 obsidian statues
  10 bog bodies
  2 anaconda zombies
  6 wizards
  22 naga ritualists
  6 orc knights
  A tengu zombie (D:15)
  Pikel (D:9)
  18 deep elf pyromancers
  A fenstrider witch simulacrum (Crypt:2)
  14 necromancers
  7 phantasmal warriors
  A human zombie (WizLab)
  24 deep elf zephyrmancers
  An iron dragon zombie (Crypt:2)
  13 lindwurms
  A sphinx zombie (WizLab)
  6 harpies
  2 orc sorcerers
  21 mana vipers
  43 ugly things
  2 frost giant zombies
  3 cyclopes
  A worldbinder (Abyss:2)
  23 moths of wrath
  4 will-o-the-wisps
  A stone giant zombie (WizLab)
  10 manticores
  A salamander (shapeshifter) (D:15)
  14 salamanders
  A manticore (shapeshifter) (Elf:1)
  48 black mambas
  13 elephants
  8 guardian serpents
  A naga zombie (Crypt:2)
  A torpor snail (Lair:4)
  3 molten gargoyles (Desolation)
  20 vault sentinels
  2 ice statues (IceCv)
  Joseph (D:10)
  A black mamba (shapeshifter) (D:12)
  A dire elephant skeleton (Crypt:3)
  19 naga magi
  3 naga skeletons
  11 cane toads
  2 gargoyles
  4 rime drakes
  Psyche (D:9)
  11 komodo dragons
  A minotaur zombie (Gauntlet)
  33 yaktaurs
  A tormentor (Zot:1)
  An anaconda simulacrum (IceCv)
  5 freezing wraiths
  2 hellwings
  A queen bee (D:13)
  9 ice devils
  A red devil (Depths:3)
  An entropy weaver simulacrum (IceCv)
  A bloated husk (Swamp:3)
  3 guardian mummies (WizLab)
  An iron troll skeleton (Crypt:1)
  3 meliai (D:13)
  4 harpy zombies
  4 trolls
  2 ancient zymes (Abyss:2)
  10 tyrant leeches
  10 hornets
  39 saltlings (Desolation)
  7 raiju
  2 slime creatures (Lair:1)
  A fire dragon zombie (Crypt:3)
  A guardian serpent zombie (Crypt:2)
  23 dream sheep
  An ice dragon zombie (Crypt:2)
  23 blink frogs
  A culicivora (Vaults:1)
  4 air elementals
  41 flying skulls
  8 large abominations
  A guardian serpent skeleton (Crypt:1)
  8 spriggans
  An ettin skeleton (Crypt:3)
  An alligator skeleton (Crypt:1)
  2 dire elephant simulacra (IceCv)
  8 fire bats
  11 fire elementals
  6 water elementals
  70 yaks
  A wraith (Vaults:3)
  5 wyverns
  A death yak simulacrum (IceCv)
  3 chaos spawn (Gauntlet)
  A hog (D:15)
  Grum (D:8)
  3 basilisks (Lair:6)
  4 steam dragons
  2 neqoxecs
  3 vampire mosquitoes (D:15)
  6 harpy simulacra (IceCv)
  6 wargs
  17 swamp worms
  41 nagas
  2 two-headed ogre zombies (Crypt:1)
  17 water moccasins
  2 acid dragons
  5 hell hounds
  A human skeleton (D:15)
  25 orc warriors
  A merfolk skeleton (Crypt:1)
  8 swamp drakes
  3 black bears
  3 small abominations (Abyss:2)
  A snapping turtle zombie (Crypt:2)
  7 necrophages
  A boggart (shapeshifter) (Vaults:5)
  11 boggarts
  33 ogres
  6 wolves
  19 centaurs
  A swamp dragon skeleton (Crypt:2)
  A fire crab zombie (Crypt:2)
  9 kobold brigands
  9 bullfrogs
  A wyvern zombie (Ossuary)
  A draconian skeleton (Crypt:1)
  2 water moccasin zombies (Ossuary)
  3 earth elementals (Elf:1)
  A polar bear zombie (Crypt:2)
  A warg zombie (Crypt:2)
  26 killer bees
  An elephant simulacrum (IceCv)
  7 wights
  2 howler monkeys
  4 electric eels
  10 centaur zombies
  7 bullfrog zombies
  A quasit (Abyss:1)
  A hound (D:6)
  An iron imp (Abyss:2)
  14 orc priests
  15 mummies (Ossuary)
  2 bullfrog skeletons (D:5)
  2 jellies (Lair:1)
  2 centaur skeletons
  5 iguanas
  19 orc wizards
  5 hell rats (Lair:4)
  3 spriggan simulacra
  A killer bee zombie (D:8)
  An ogre skeleton (Crypt:2)
  A hound skeleton (D:4)
  3 howler monkey zombies (Ossuary)
  8 adders
  A gnoll (D:1)
  3 howler monkey skeletons
  A swamp drake zombie (Crypt:1)
  A naga simulacrum (IceCv)
  16 white imps
  An ufetubus (Abyss:2)
  An adder skeleton (D:4)
  2 worms (D:2)
  67 orcs
  8 ball pythons
  5 bats
  5 endoplasms
  3 giant cockroaches (D:3)
  14 goblins
  5 hobgoblins
  6 jackals
  2 quokkas (D:1)
  6 frilled lizards (D:1)
  22 kobolds
  A kobold skeleton (Crypt:1)
  5 rats
  A rat zombie (Crypt:1)
  3 briar patches (Swamp:2)
2287 creatures vanquished.

Vanquished Creatures (collateral kills)
  3 curse toes
  A deep elf blademaster (Elf:3)
  A tengu reaver (Vaults:5)
  A vault warden (Vaults:5)
6 creatures vanquished.

Vanquished Creatures (others)
  An ancient lich (Zot:5)
  An Orb Guardian (D:15)
  An acid blob (Zot:1)
  A sphinx (Vaults:4)
  A storm dragon (Zot:3)
  A very ugly thing (Vaults:4)
  4 great orbs of eyes
  A deep elf death mage (Elf:3)
  A deep elf high priest (Elf:3)
  A great orb of eyes (shapeshifter) (Zot:1)
  2 ragged hierophants (Desolation)
  A boulder beetle (shapeshifter) (Vaults:5)
  A naga warrior (Snake:4)
  4 centaur warriors
  A deep elf knight (Elf:2)
  2 swamp dragons
  A wizard (Vaults:2)
  A deep elf pyromancer (Elf:2)
  2 ugly things (Vaults:2)
  2 deep elf zephyrmancers (Elf:2)
  A wolf spider (shapeshifter) (Elf:1)
  2 moths of wrath (Zot:1)
  A vault sentinel (Vaults:1)
  A cane toad (shapeshifter) (Vaults:5)
  A naga mage (Snake:2)
  2 tengu conjurers (D:14)
  A bloated husk (Swamp:1)
  29 slime creatures
  2 slime creatures (shapeshifter)
  A human (D:15)
  A steam dragon (Lair:3)
  3 nagas
  A two-headed ogre zombie (Crypt:3)
  A wolf (Gauntlet)
  2 boggarts (D:14)
  A centaur (D:9)
  A bullfrog (Lair:5)
  297 jellies
  2 orc priests (D:14)
  2 orc wizards
  2 orcs (D:14)
  3 kobolds
  A quokka zombie (Crypt:2)
  3 briar patches (Swamp:2)
  A butterfly (Zot:1)
  27 foxfires
  104 fungi
  187 plants
  2 starspawn tentacles (Abyss:2)
  42 withered plants
754 creatures vanquished.

Grand Total: 3047 creatures vanquished

Notes
Turn   | Place    | Note
-------+----------+-------------------------------------------
     0 | D:1      | oldmanjim the Deep Dwarf Fighter began the quest for the
                  | Orb.
     0 | D:1      | Reached XP level 1. HP: 20/20 MP: 1/1
    78 | D:1      | Reached XP level 2. HP: 21/27 MP: 2/2
   503 | D:1      | Reached XP level 3. HP: 19/34 MP: 3/3
   685 | D:1      | Found a faded altar of an unknown god.
   859 | D:1      | Found Acoveedost's Distillery.
   868 | D:1      | Bought a potion of curing for 36 gold pieces
  1130 | D:2      | Reached XP level 4. HP: 36/42 MP: 4/4
  2232 | D:1      | Bought a potion of flight for 36 gold pieces
  2848 | D:4      | Reached skill level 1 in Stealth
  2848 | D:4      | Reached skill level 5 in Shields
  2848 | D:4      | Reached XP level 5. HP: 37/49 MP: 5/5
  2860 | D:4      | Noticed a black bear
  2871 | D:4      | Killed a black bear
  2872 | D:4      | Reached skill level 1 in Spellcasting
  2977 | D:4      | Reached XP level 6. HP: 31/56 MP: 7/7
  3025 | D:4      | Found a radiant altar of Vehumet.
  3035 | D:4      | Found a basalt altar of Yredelemnul.
  3037 | D:4      | Found an ornate altar of the Wu Jian Council.
  3227 | D:1      | Bought a potion of brilliance for 48 gold pieces
  3563 | D:4      | Found a staircase to the Ecumenical Temple.
  3572 | Temple   | Entered the Ecumenical Temple
  3804 | D:5      | Entered Level 5 of the Dungeon
  3993 | D:5      | Reached skill level 5 in Axes
  3993 | D:5      | Reached XP level 7. HP: 8/64 MP: 7/9
  4476 | D:1      | Bought a potion of magic for 96 gold pieces
  4674 | D:5      | Reached skill level 5 in Armour
  4956 | D:6      | Found a sand-covered staircase.
  4961 | Ossuary  | Entered an ossuary
  5059 | Ossuary  | Reached XP level 8. HP: 52/72 MP: 11/11
  5103 | Ossuary  | Reached skill level 1 in Dodging
  5934 | D:6      | Reached skill level 10 in Axes
  5942 | D:6      | Gained mutation: You passively map the area around you.
                  | [Deep Dwarf growth]
  5942 | D:6      | Reached XP level 9. HP: 49/77 MP: 10/10
  6184 | D:6      | Learned a level 2 spell: Wereblood
  6843 | D:8      | Reached skill level 5 in Fighting
  6988 | D:8      | Noticed Grum
  7010 | D:8      | Killed Grum
  7081 | D:8      | Found a staircase to the Lair.
  7085 | D:8      | Reached skill level 1 in Evocations
  7085 | D:8      | Reached XP level 10. HP: 57/88 MP: 9/9
  7165 | D:8      | Found a flagged portal.
  7203 | Bailey   | Entered a bailey
  7299 | Bailey   | Identified the +8 crystal plate armour of Tender Moments
                  | {Rampage Str-2 Dex+4 Stlth+}
  7361 | Bailey   | Noticed an orc knight
  7361 | Bailey   | Found a burning altar of Makhleb.
  7400 | Bailey   | Killed an orc knight
  7704 | D:1      | Bought a potion of attraction for 36 gold pieces
  7900 | Lair:1   | Entered Level 1 of the Lair of Beasts
  7963 | Lair:1   | Found a runed translucent gate.
  7964 | Lair:1   | Found a runed translucent gate.
  7968 | Lair:1   | Found a runed translucent gate.
  7968 | Lair:1   | Found a viscous altar of Jiyva.
  7968 | Lair:1   | Noticed Valamore's ghost (journeyman HOFi)
  7995 | Lair:1   | Killed Valamore's ghost
  7996 | Lair:1   | Reached skill level 5 in Evocations
  8001 | Lair:1   | Identified the ring of Lesser Demons {rElec AC+4 Slay+3}
  8004 | Lair:1   | Became a worshipper of Jiyva Jyog the Shapeless
  8325 | Lair:1   | Noticed a four-headed hydra
  8333 | Lair:1   | Killed a four-headed hydra
  8844 | D:9      | Noticed Pikel
  8848 | D:9      | You are sucked into a shaft and drop 2 floors!
  8917 | D:11     | Reached * piety under Jiyva
  8961 | D:11     | Reached XP level 11. HP: 86/94 MP: 11/11
  8989 | D:10     | Entered Level 10 of the Dungeon
  8992 | D:10     | Noticed an obsidian statue
  9084 | D:9      | Noticed Psyche
  9151 | D:9      | Killed Psyche
  9203 | D:9      | Killed Pikel
  9317 | D:9      | Reached skill level 10 in Armour
  9423 | D:9      | Reached ** piety under Jiyva
  9545 | D:9      | Found a blossoming altar of Fedhas.
  9691 | D:10     | Noticed Joseph
  9707 | D:10     | Killed Joseph
  9740 | D:10     | Noticed a two-headed ogre
  9748 | D:10     | Killed a two-headed ogre
  9849 | D:10     | Noticed Sonja
  9864 | D:10     | Killed Sonja
 10110 | D:10     | Reached *** piety under Jiyva
 10149 | D:10     | Noticed a seven-headed hydra
 10164 | D:10     | Killed a seven-headed hydra
 10277 | D:10     | Noticed a sixfirhy
 10287 | D:10     | Gained mutation: You are somewhat resistant to further
                  | mutation. [a neqoxec]
 10289 | D:10     | Killed an obsidian statue
 10291 | D:10     | Identified the +0 pair of boots of the Fisher {Fly Str+2}
 10295 | D:10     | Got Migako's Disquisition on Shape Shifting
 10370 | D:11     | Found a portal to a secret trove of treasure.
 10377 | Trove    | Entered a treasure trove
 10380 | Trove    | Found the +3 pair of gauntlets of War {Slay+5}
 10380 | Trove    | Found the +3 hat of Pondering {ponderous, Will+ MP+10
                  | Int+5}
 10381 | Trove    | Identified the +2 pair of gloves "Omakk" {rF++ rN+++ Will-
                  | Regen+}
 10382 | Trove    | Identified the +0 helmet "Orioh" {Rampage Dex+4}
 10383 | Trove    | Identified the +0 tower shield of Nestul {rElec}
 10392 | Trove    | Identified the +2 robe of Maxesiuc {*Corrode +Inv rN+++
                  | Will+}
 10396 | Trove    | Identified the +0 cloak of Honour {rF+ Dex+6}
 10399 | Trove    | Identified the +0 plate armour of Jonu {rN+ Will+}
 10402 | Trove    | Identified the +3 leather armour of Indomitability {Regen+}
 10403 | Trove    | Identified the +2 pair of gloves of Resilience {*Slow rElec
                  | Int+6 Stlth+}
 10778 | D:11     | Noticed Snorg
 10797 | D:11     | Killed Snorg
 10858 | D:11     | Noticed a seven-headed hydra
 10868 | D:11     | Killed a seven-headed hydra
 10871 | D:11     | Identified the +7 morningstar of Polyqyaj {holy, Will+
                  | Str+4}
 11275 | D:12     | Found a staircase to the Orcish Mines.
 11334 | D:12     | Noticed a cyan ugly thing
 11340 | D:12     | Killed a cyan ugly thing
 11413 | D:12     | Noticed a brown ugly thing
 11419 | D:12     | Killed a brown ugly thing
 11425 | D:12     | Reached XP level 12. HP: 106/106 MP: 12/12
 11891 | D:12     | Found Gabromon's Book Boutique.
 12025 | D:13     | Reached skill level 1 in Maces & Flails
 12055 | D:13     | Noticed a fire dragon
 12066 | D:13     | Noticed a fire dragon
 12066 | D:13     | Noticed an ice dragon
 12068 | D:13     | Found a runed translucent door.
 12068 | D:13     | Found the +2 shield of Resistance {rF++ rC++ Will++}
 12068 | D:13     | Noticed an ice dragon
 12069 | D:13     | Found a runed translucent door.
 12418 | D:13     | Noticed a centaur warrior
 12420 | D:13     | Noticed a centaur warrior
 12427 | D:13     | Killed a centaur warrior
 12431 | D:13     | Killed a centaur warrior
 12575 | D:13     | Lost mutation: You are somewhat resistant to further
                  | mutation. [Jiyva's grace]
 12575 | D:13     | Gained mutation: You have hidden genetic potential.
                  | [Jiyva's grace]
 12575 | D:13     | Gained mutation: You have great hidden genetic potential.
                  | [Jiyva's grace]
 12575 | D:13     | Gained mutation: You are covered in slimy tendrils that may
                  | disarm your opponents. [Jiyva's grace]
 12575 | D:13     | Gained mutation: Your spells are a little harder to cast,
                  | but a little more powerful. [Jiyva's grace]
 12606 | D:13     | Noticed a boulder beetle
 12619 | D:13     | Killed a boulder beetle
 12620 | D:13     | Reached skill level 10 in Shields
 12697 | D:13     | Reached skill level 5 in Maces & Flails
 13006 | D:13     | Noticed a two-headed ogre
 13017 | D:13     | Killed a two-headed ogre
 13020 | D:13     | Noticed a vault guard
 13031 | D:13     | Noticed a centaur warrior
 13034 | D:13     | Killed a centaur warrior
 13038 | D:13     | Killed a vault guard
 13039 | D:13     | Reached XP level 13. HP: 115/115 MP: 13/13
 13043 | D:13     | Found a gate to the Vaults.
 13052 | D:13     | Identified 2 scrolls of acquirement
 13053 | D:13     | Acquired 1088 gold pieces
 13054 | D:13     | Acquired the ring of Winter {+Blink rPois rC++ Str+6 Int-5}
 13344 | Lair:1   | Reached **** piety under Jiyva
 13395 | Lair:1   | Identified the +9 quarterstaff of Annihilation {drain,
                  | Drain rN+ Str+3}
 13794 | Lair:2   | Found a staircase to the Swamp.
 14202 | Lair:2   | Gained mutation: You are agile. (Dex +2) [hidden potential]
 14317 | Lair:2   | Reached ***** piety under Jiyva
 14362 | Lair:2   | Found a staircase to the Snake Pit.
 15123 | Lair:3   | Lost mutation: You are agile. (Dex +2) [Jiyva's grace]
 15123 | Lair:3   | Lost mutation: Your spells are a little harder to cast, but
                  | a little more powerful. [Jiyva's grace]
 15123 | Lair:3   | Gained mutation: You are robust. (+10% HP) [Jiyva's grace]
 15123 | Lair:3   | Gained mutation: You are very robust. (+20% HP) [Jiyva's
                  | grace]
 15123 | Lair:3   | Gained mutation: You are extremely robust. (+30% HP)
                  | [Jiyva's grace]
 15123 | Lair:3   | Gained mutation: Your flesh is heat resistant. (rF+)
                  | [Jiyva's grace]
 15539 | Lair:3   | Found a transporter.
 15846 | Lair:3   | Found a transporter.
 16403 | Lair:4   | Lost mutation: You are extremely robust. (+30% HP) [Jiyva's
                  | grace]
 16403 | Lair:4   | Gained mutation: Your melee attacks may engulf your foes in
                  | ooze. [Jiyva's grace]
 16403 | Lair:4   | Gained mutation: You have a small jelly attached to you
                  | that senses nearby items. [Jiyva's grace]
 16403 | Lair:4   | Gained mutation: You are partially covered in iridescent
                  | scales. (AC +2) [Jiyva's grace]
 16403 | Lair:4   | Gained mutation: You are mostly covered in iridescent
                  | scales. (AC +4) [Jiyva's grace]
 16408 | Lair:4   | You are sucked into a shaft and drop 2 floors!
 16408 | Lair:6   | Entered Level 6 of the Lair of Beasts
 16420 | Lair:6   | Reached ****** piety under Jiyva
 16480 | Lair:6   | Gained mutation: You resist negative energy. (rN+) [Deep
                  | Dwarf growth]
 16480 | Lair:6   | Reached XP level 14. HP: 115/147 MP: 15/15
 16523 | Lair:6   | Found a frozen archway.
 16562 | IceCv    | Entered an ice cave
 16752 | IceCv    | Gained mutation: Your mind is acute. (Int +2) [hidden
                  | potential]
 16752 | IceCv    | Lost mutation: You have great hidden genetic potential.
                  | [hidden potential expressed]
 16753 | IceCv    | Reached skill level 15 in Shields
 16782 | IceCv    | Got the Almanac of Ice
 17068 | Lair:5   | Reached skill level 10 in Maces & Flails
 17292 | Lair:5   | Found the brooch of Shielding {Spirit SH+8}
 17990 | Lair:4   | Lost mutation: Your flesh is heat resistant. (rF+) [Jiyva's
                  | grace]
 17990 | Lair:4   | Lost mutation: You are very robust. (+20% HP) [Jiyva's
                  | grace]
 17990 | Lair:4   | Lost mutation: You have hidden genetic potential. [Jiyva's
                  | grace]
 17990 | Lair:4   | Gained mutation: Your flesh is cold resistant. (rC+)
                  | [Jiyva's grace]
 17990 | Lair:4   | Gained mutation: Your flesh is very cold resistant. (rC++)
                  | [Jiyva's grace]
 17990 | Lair:4   | Gained mutation: Your flesh is almost immune to the effects
                  | of cold. (rC+++) [Jiyva's grace]
 17990 | Lair:4   | Gained mutation: Your translucent skin slightly reduces
                  | your foes' accuracy. (Stealth+) [Jiyva's grace]
 18607 | Lair:6   | Reached XP level 15. HP: 129/145 MP: 17/17
 18613 | Lair:6   | Reached skill level 10 in Evocations
 19001 | Lair:6   | Found a staircase to the Slime Pits.
 19002 | Lair:6   | Found a viscous altar of Jiyva.
 19352 | Slime:1  | Entered Level 1 of the Pits of Slime
 19589 | Slime:2  | Noticed a rockslime
 19594 | Slime:2  | Noticed an acid blob
 19708 | Slime:3  | Noticed a rockslime
 19867 | Slime:4  | Noticed a rockslime
 19914 | Slime:4  | Noticed a rockslime
 20072 | Slime:4  | Noticed a rockslime
 20171 | Slime:5  | Entered Level 5 of the Pits of Slime
 20171 | Slime:5  | Noticed a rockslime
 20174 | Slime:5  | Noticed an azure jelly
 20200 | Slime:5  | Noticed a rockslime
 20222 | Slime:5  | Noticed an acid blob
 20257 | Slime:5  | Noticed an acid blob
 20290 | Slime:5  | Noticed the Royal Jelly
 20326 | Slime:5  | Noticed an acid blob
 20351 | Slime:5  | Noticed an acid blob
 20352 | Slime:5  | Noticed an acid blob
 20353 | Slime:5  | Found a viscous altar of Jiyva.
 20354 | Slime:5  | Noticed an acid blob
 20358 | Slime:5  | Identified the ring "Ogeapeos" {rF+ rCorr MP-9 Int+6 SInv}
 20366 | Slime:5  | Identified the +18 gold dragon scales "Tukhlafa" {-Cast
                  | rPois rF+ rC+ rCorr Stlth+}
 20368 | Slime:5  | Got a slimy rune of Zot
 20391 | Slime:5  | Identified the +3 helmet "Seepp" {Dex+3}
 20478 | Slime:5  | Noticed an acid blob
 20766 | Orc:1    | Entered Level 1 of the Orcish Mines
 20766 | Orc:1    | Noticed Nergalle
 20778 | Orc:1    | Killed Nergalle
 21308 | Orc:2    | Entered Level 2 of the Orcish Mines
 21362 | Orc:2    | Gained mutation: You are agile. (Dex +2) [Jiyva's grace]
 21362 | Orc:2    | Gained mutation: You are very agile. (Dex +4) [Jiyva's
                  | grace]
 21362 | Orc:2    | Gained mutation: Armour fits poorly on your pseudopods.
                  | [Jiyva's grace]
 21362 | Orc:2    | Gained mutation: Armour fits poorly on your large
                  | pseudopods. [Jiyva's grace]
 21405 | Orc:2    | Found a runed translucent door.
 21406 | Orc:2    | Noticed Woods's ghost (journeyman GnTm)
 21436 | Orc:2    | Reached skill level 15 in Armour
 21790 | Orc:2    | Found a staircase to the Elven Halls.
 21796 | Orc:2    | Found Ikkoaj's Book Shoppe.
 21796 | Orc:2    | Found Japu Rab's Jewellery Shop.
 21796 | Orc:2    | Found Ugiot's Weapon Shop.
 21796 | Orc:2    | Found Uthraah's Distillery.
 21867 | Orc:2    | Killed Woods's ghost
 21995 | D:14     | Reached skill level 5 in Dodging
 22227 | D:14     | Found a blossoming altar of Fedhas.
 22576 | D:15     | Entered Level 15 of the Dungeon
 22703 | D:15     | Noticed Kirke
 22712 | D:15     | Killed Kirke
 22764 | D:15     | Found a staircase to the Depths.
 22767 | D:15     | Reached XP level 16. HP: 158/158 MP: 18/18
 22957 | D:15     | Found a gate leading to a gauntlet.
 22984 | Gauntlet | Entered a Gauntlet
 22984 | Gauntlet | Found a transporter.
 22984 | Gauntlet | Found a transporter.
 22988 | Gauntlet | Found a transporter.
 22988 | Gauntlet | Found a transporter.
 22993 | Gauntlet | Lost mutation: Your mind is acute. (Int +2) [Jiyva's grace]
 22993 | Gauntlet | Lost mutation: You are robust. (+10% HP) [Jiyva's grace]
 22993 | Gauntlet | Lost mutation: Your translucent skin slightly reduces your
                  | foes' accuracy. (Stealth+) [Jiyva's grace]
 22993 | Gauntlet | Lost mutation: You are covered in slimy tendrils that may
                  | disarm your opponents. [Jiyva's grace]
 22993 | Gauntlet | Lost mutation: You have a small jelly attached to you that
                  | senses nearby items. [Jiyva's grace]
 22993 | Gauntlet | Gained mutation: You are strong-willed. (Will+) [Jiyva's
                  | grace]
 22993 | Gauntlet | Gained mutation: You are highly strong-willed. (Will++)
                  | [Jiyva's grace]
 22993 | Gauntlet | Gained mutation: You are extremely strong-willed. (Will+++)
                  | [Jiyva's grace]
 22993 | Gauntlet | Gained mutation: Your rubbery body absorbs attacks. (AC +1,
                  | EV +1) [Jiyva's grace]
 22998 | Gauntlet | Found a transporter.
 23008 | Gauntlet | Found a transporter.
 23008 | Gauntlet | Found a transporter.
 23032 | Gauntlet | Found a transporter.
 23051 | Gauntlet | Found a transporter.
 23069 | Gauntlet | Found a transporter.
 23085 | Gauntlet | Found a transporter.
 23089 | Gauntlet | Found a large runed translucent door.
 23124 | Gauntlet | Found a transporter.
 23138 | Gauntlet | Found a transporter.
 23153 | Gauntlet | Found a transporter.
 23240 | Gauntlet | Found a transporter.
 23242 | Gauntlet | Found a large runed translucent door.
 23242 | Gauntlet | Found a large runed translucent door.
 23243 | Gauntlet | Found a large runed translucent door.
 23243 | Gauntlet | Found a large runed translucent door.
 23244 | Gauntlet | Found a runed translucent door.
 23244 | Gauntlet | Found a large runed translucent door.
 23244 | Gauntlet | Found a runed translucent door.
 23244 | Gauntlet | Found a large runed translucent door.
 23244 | Gauntlet | Found a large runed translucent door.
 23245 | Gauntlet | Found a large runed translucent door.
 23245 | Gauntlet | Found a large runed translucent door.
 23248 | Gauntlet | Found a large runed translucent door.
 23248 | Gauntlet | Found a large runed translucent door.
 23250 | Gauntlet | Found a large runed translucent door.
 23250 | Gauntlet | Found a large runed translucent door.
 23250 | Gauntlet | Found a large runed translucent door.
 23252 | Gauntlet | Found a runed translucent gate.
 23252 | Gauntlet | Found a runed translucent gate.
 23252 | Gauntlet | Found a runed translucent gate.
 23254 | Gauntlet | Found a transporter.
 23265 | Gauntlet | Found a large runed translucent door.
 23544 | Gauntlet | Identified the +0 hat of Burnt Life {rC++ Int+4}
 23691 | D:15     | Found Cagajeg's Assorted Antiques.
 23699 | D:15     | Bought 2 scrolls of identify for 100 gold pieces
 23741 | D:15     | Found a hide-covered altar of Uskayaw.
 24026 | Swamp:1  | Entered Level 1 of the Swamp
 24242 | Swamp:1  | Reached skill level 10 in Fighting
 24508 | Swamp:2  | Noticed a thorn hunter
 24533 | Swamp:2  | Killed a thorn hunter
 24985 | Swamp:2  | Identified the +8 mace of the Eleven Ultimatums {spect,
                  | SInv}
 25043 | Swamp:3  | Lost mutation: You are mostly covered in iridescent scales.
                  | (AC +4) [Jiyva's grace]
 25043 | Swamp:3  | Lost mutation: You are very agile. (Dex +4) [Jiyva's grace]
 25043 | Swamp:3  | Lost mutation: Your flesh is almost immune to the effects
                  | of cold. (rC+++) [Jiyva's grace]
 25043 | Swamp:3  | Lost mutation: You are extremely strong-willed. (Will+++)
                  | [Jiyva's grace]
 25043 | Swamp:3  | Lost mutation: You are highly strong-willed. (Will++)
                  | [Jiyva's grace]
 25043 | Swamp:3  | Lost mutation: Armour fits poorly on your large pseudopods.
                  | [Jiyva's grace]
 25043 | Swamp:3  | Gained mutation: You are partially covered in large bone
                  | plates. (SH +4) [Jiyva's grace]
 25043 | Swamp:3  | Gained mutation: You are mostly covered in large bone
                  | plates. (SH +6) [Jiyva's grace]
 25043 | Swamp:3  | Gained mutation: You are completely covered in large bone
                  | plates. (SH +8) [Jiyva's grace]
 25043 | Swamp:3  | Gained mutation: You have a small jelly attached to you
                  | that may absorb projectiles. [Jiyva's grace]
 25167 | Swamp:3  | Reached skill level 10 in Dodging
 25517 | Swamp:4  | Entered Level 4 of the Swamp
 25605 | Swamp:4  | Noticed the 27-headed Lernaean hydra
 25623 | Swamp:4  | Killed the 27-headed Lernaean hydra
 25624 | Swamp:4  | Reached XP level 17. HP: 106/154 MP: 19/19
 25748 | Swamp:4  | Got a decaying rune of Zot
 26385 | Snake:1  | Entered Level 1 of the Snake Pit
 26559 | Snake:1  | Found a sparkling altar of Nemelex Xobeh.
 26660 | Snake:1  | Lost mutation: You are completely covered in large bone
                  | plates. (SH +8) [Jiyva's grace]
 26660 | Snake:1  | Lost mutation: Armour fits poorly on your pseudopods.
                  | [Jiyva's grace]
 26660 | Snake:1  | Lost mutation: Your melee attacks may engulf your foes in
                  | ooze. [Jiyva's grace]
 26660 | Snake:1  | Gained mutation: You have a pair of small horns on your
                  | head. [Jiyva's grace]
 26660 | Snake:1  | Gained mutation: You have a pair of horns on your head.
                  | [Jiyva's grace]
 26660 | Snake:1  | Gained mutation: You have a pair of large horns on your
                  | head. [Jiyva's grace]
 26660 | Snake:1  | Gained mutation: You have large cloven feet. [Jiyva's
                  | grace]
 26780 | Snake:1  | Noticed Azrael
 26800 | Snake:1  | Killed Azrael
 28048 | Snake:2  | You are sucked into a shaft and drop 1 floor!
 28200 | Snake:3  | Found a runed translucent door.
 28200 | Snake:3  | Noticed Raot's ghost (adept MiFi)
 28416 | Snake:3  | Killed Raot's ghost
 28459 | Snake:3  | Noticed Nikola
 28480 | Snake:3  | Killed Nikola
 28955 | Snake:3  | Gained mutation: You passively map a large area around you.
                  | [Deep Dwarf growth]
 28955 | Snake:3  | Reached XP level 18. HP: 172/172 MP: 20/20
 29088 | Snake:4  | Entered Level 4 of the Snake Pit
 29246 | Snake:4  | Found a runed translucent gate.
 29246 | Snake:4  | Found a runed translucent gate.
 29246 | Snake:4  | Found a runed translucent gate.
 29298 | Snake:4  | Lost mutation: Your flesh is very cold resistant. (rC++)
                  | [Jiyva's grace]
 29298 | Snake:4  | Lost mutation: Your flesh is cold resistant. (rC+) [Jiyva's
                  | grace]
 29298 | Snake:4  | Lost mutation: You have a small jelly attached to you that
                  | may absorb projectiles. [Jiyva's grace]
 29298 | Snake:4  | Gained mutation: You are robust. (+10% HP) [Jiyva's grace]
 29298 | Snake:4  | Gained mutation: You are very robust. (+20% HP) [Jiyva's
                  | grace]
 29298 | Snake:4  | Gained mutation: You are extremely robust. (+30% HP)
                  | [Jiyva's grace]
 29298 | Snake:4  | Gained mutation: A frigid envelope surrounds you and
                  | freezes all who hurt you. [Jiyva's grace]
 29730 | Snake:4  | Reached skill level 15 in Fighting
 29894 | Snake:4  | Got a serpentine rune of Zot
 30467 | Snake:2  | Noticed Vashnia
 30490 | Snake:2  | Killed Vashnia
 30524 | Snake:2  | Found a radiant altar of Vehumet.
 30578 | Snake:2  | Reached skill level 5 in Spellcasting
 30600 | Snake:2  | Noticed Jorgrun
 30609 | Snake:2  | Killed Jorgrun
 30612 | Snake:2  | Noticed Aizul
 30629 | Snake:2  | Killed Aizul
 30679 | Snake:2  | Found Ukhlen's Specific Store.
 30681 | Snake:2  | Found Yshrao's General Store.
 30806 | Snake:2  | Noticed Donald
 30815 | Snake:2  | Killed Donald
 31189 | Snake:2  | Identified the ring of Cafinwi {EV+4 Str+3}
 31194 | Snake:2  | Reached XP level 19. HP: 241/241 MP: 23/23
 31393 | Snake:2  | Bought a potion of might for 52 gold pieces
 31655 | Elf:1    | Entered Level 1 of the Elven Halls
 31658 | Elf:1    | Paralysed by an air elemental for 1 turns
 31724 | Elf:1    | Found Veocles's Armour Shoppe.
 31798 | Elf:1    | Lost mutation: You have a pair of large horns on your head.
                  | [Jiyva's grace]
 31798 | Elf:1    | Lost mutation: You are extremely robust. (+30% HP) [Jiyva's
                  | grace]
 31798 | Elf:1    | Gained mutation: You are somewhat resistant to further
                  | mutation. [Jiyva's grace]
 31798 | Elf:1    | Gained mutation: You are somewhat resistant to both further
                  | mutation and mutation removal. [Jiyva's grace]
 31798 | Elf:1    | Gained mutation: You are almost entirely resistant to
                  | further mutation and mutation removal. [Jiyva's grace]
 31798 | Elf:1    | Gained mutation: You expend magic power (3 MP) to
                  | strengthen your wands. [Jiyva's grace]
 32469 | Elf:2    | Paralysed by an air elemental for 1 turns
 32613 | Elf:2    | Found a runed translucent gate.
 32613 | Elf:2    | Found a runed translucent gate.
 32613 | Elf:2    | Found a runed translucent gate.
 33507 | Elf:3    | Entered Level 3 of the Elven Halls
 33511 | Elf:3    | Found Pexaqyrr's Antique Weapon Shoppe.
 33511 | Elf:3    | Found Ywniynai's Magic Scroll Emporium.
 33592 | Elf:3    | Noticed Saint Roka
 33622 | Elf:3    | Killed Saint Roka
 33623 | Elf:3    | Reached XP level 20. HP: 138/241 MP: 25/25
 33667 | Elf:3    | Found a magical portal.
 33685 | WizLab   | Entered Doroklohe's Tomb
 33690 | WizLab   | Lost mutation: You have a pair of horns on your head.
                  | [Jiyva's grace]
 33690 | WizLab   | Lost mutation: You have a pair of small horns on your head.
                  | [Jiyva's grace]
 33690 | WizLab   | Lost mutation: You are partially covered in iridescent
                  | scales. (AC +2) [Jiyva's grace]
 33690 | WizLab   | Lost mutation: You are mostly covered in large bone plates.
                  | (SH +6) [Jiyva's grace]
 33690 | WizLab   | Lost mutation: You are almost entirely resistant to further
                  | mutation and mutation removal. [Jiyva's grace]
 33690 | WizLab   | Lost mutation: Your rubbery body absorbs attacks. (AC +1,
                  | EV +1) [Jiyva's grace]
 33690 | WizLab   | Lost mutation: You expend magic power (3 MP) to strengthen
                  | your wands. [Jiyva's grace]
 33690 | WizLab   | Lost mutation: You are somewhat resistant to both further
                  | mutation and mutation removal. [Jiyva's grace]
 33690 | WizLab   | Lost mutation: You are somewhat resistant to further
                  | mutation. [Jiyva's grace]
 33690 | WizLab   | Gained mutation: You have hidden genetic potential.
                  | [Jiyva's grace]
 33690 | WizLab   | Gained mutation: You have great hidden genetic potential.
                  | [Jiyva's grace]
 33690 | WizLab   | Lost mutation: You have great hidden genetic potential.
                  | [Jiyva's grace]
 33690 | WizLab   | Lost mutation: You have hidden genetic potential. [Jiyva's
                  | grace]
 33690 | WizLab   | Gained mutation: You are somewhat resistant to further
                  | mutation. [Jiyva's grace]
 33690 | WizLab   | Gained mutation: You are somewhat resistant to both further
                  | mutation and mutation removal. [Jiyva's grace]
 33967 | WizLab   | Noticed a royal mummy
 34126 | Elf:3    | Noticed Louise
 34158 | Elf:3    | Killed Louise
 34173 | Elf:3    | Bought a scroll of teleportation for 36 gold pieces
 34173 | Elf:3    | Bought a scroll of fog for 24 gold pieces
 34173 | Elf:3    | Bought a scroll of teleportation for 36 gold pieces
 34173 | Elf:3    | Bought a scroll of silence for 90 gold pieces
 34651 | Elf:3    | Identified the amulet of Feab Zidaru {Acrobat *Slow rElec
                  | rF+ rN+}
 34667 | Elf:3    | Identified the +6 quarterstaff of Fragile Peace {freeze,
                  | rPois rC+ MP+9}
 34677 | Elf:3    | Identified the ring of Quuffa {*Slow rC+ rCorr Str+7}
 34677 | Elf:3    | Identified the +2 broad axe of Wu Jian {venom, rElec rC+}
 34803 | Elf:3    | Identified the +7 plate armour "Foanygh" {rC+ rCorr}
 34879 | Elf:3    | Identified the +6 scale mail of Eternity {Str+7}
 34899 | Elf:3    | Identified the +3 hand axe of Uncertain Death {vorpal, rN+
                  | Str+3}
 34902 | Elf:3    | Identified the +1 helmet of Jaubius {Str+3}
 34908 | Elf:3    | Got the Papyrus of Unholy Hexes
 34911 | Elf:3    | Got Qiprut's Grimoire of the Aerial Snowflakes
 34912 | Elf:3    | Identified the +2 pair of gloves of the Shore {Will++}
 35120 | Vaults:1 | Entered Level 1 of the Vaults
 35252 | Vaults:1 | Reached skill level 15 in Maces & Flails
 35396 | Vaults:1 | Identified the +2 robe of Disappointment {Regen+ SInv}
 36139 | Vaults:1 | Lost mutation: You are very robust. (+20% HP) [Jiyva's
                  | grace]
 36139 | Vaults:1 | Gained mutation: You are covered in slimy tendrils that may
                  | disarm your opponents. [Jiyva's grace]
 36139 | Vaults:1 | Gained mutation: You expend magic power (3 MP) to
                  | strengthen your wands. [Jiyva's grace]
 36139 | Vaults:1 | Gained mutation: You have acidic saliva. [Jiyva's grace]
 36139 | Vaults:1 | Gained mutation: You have a small jelly attached to you
                  | that senses nearby items. [Jiyva's grace]
 36745 | Vaults:2 | Reached XP level 21. HP: 221/233 MP: 24/24
 36984 | Vaults:2 | Reached skill level 1 in Crossbows
 37740 | Vaults:3 | Found Wuel's Antique Armour Emporium.
 37885 | Vaults:3 | Lost mutation: You are agile. (Dex +2) [Jiyva's grace]
 37885 | Vaults:3 | Lost mutation: You are somewhat resistant to both further
                  | mutation and mutation removal. [Jiyva's grace]
 37885 | Vaults:3 | Lost mutation: You have acidic saliva. [Jiyva's grace]
 37885 | Vaults:3 | Lost mutation: You have a small jelly attached to you that
                  | senses nearby items. [Jiyva's grace]
 37885 | Vaults:3 | Lost mutation: You expend magic power (3 MP) to strengthen
                  | your wands. [Jiyva's grace]
 37885 | Vaults:3 | Lost mutation: You are somewhat resistant to further
                  | mutation. [Jiyva's grace]
 37885 | Vaults:3 | Gained mutation: You have hidden genetic potential.
                  | [Jiyva's grace]
 37885 | Vaults:3 | Gained mutation: You have great hidden genetic potential.
                  | [Jiyva's grace]
 37885 | Vaults:3 | Gained mutation: You are highly strong-willed. (Will++)
                  | [Jiyva's grace]
 37885 | Vaults:3 | Gained mutation: You are extremely strong-willed. (Will+++)
                  | [Jiyva's grace]
 37922 | Vaults:3 | Found Ockuik's General Store.
 37944 | Vaults:3 | Found Karphyup's Armour Shoppe.
 38327 | Vaults:3 | Found a staircase to the Crypt.
 38805 | Vaults:4 | Found a crumbling gateway.
 38812 | Desolati | Entered the Desolation of Salt
 38852 | Desolati | Reached skill level 5 in Crossbows
 38914 | Desolati | Got Sif Muna's Disquisition on the Frigorific Escort
 38917 | Desolati | Identified the +7 dagger "Zodeiss" {protect, rN+ Dex+3}
 38925 | Desolati | Got the Almanac of the Entourage
 39150 | Desolati | Identified the amulet "Eggixkem" {Spirit Rampage Will+
                  | Int-2 Dex+2}
 39153 | Desolati | Identified the ring "Puca Qox" {rPois rF+ Int-4 Dex+7}
 39159 | Desolati | Identified the ring of the Mackerel {rF- rC+ Will+ MP+9
                  | Slay+2}
 39243 | Desolati | Lost mutation: You have large cloven feet. [Jiyva's grace]
 39243 | Desolati | Lost mutation: A frigid envelope surrounds you and freezes
                  | all who hurt you. [Jiyva's grace]
 39243 | Desolati | Gained mutation: Your system is resistant to poisons.
                  | (rPois) [Jiyva's grace]
 39243 | Desolati | Gained mutation: Your flesh is cold resistant. (rC+)
                  | [Jiyva's grace]
 39243 | Desolati | Gained mutation: Your flesh is very cold resistant. (rC++)
                  | [Jiyva's grace]
 39243 | Desolati | Gained mutation: Your flesh is almost immune to the effects
                  | of cold. (rC+++) [Jiyva's grace]
 39246 | Desolati | Identified the +11 morningstar "Urradoul" {drain, rC+}
 39593 | Desolati | Identified the +9 long sword of Conflict {vorpal, *Slow rN+
                  | Int+7}
 39636 | Vaults:4 | Found Heginkie's Distillery.
 39659 | Vaults:4 | Bought a potion of might for 84 gold pieces
 39675 | Vaults:4 | Noticed Boris
 39685 | Vaults:4 | Killed Boris
 40173 | Vaults:4 | Noticed a golden dragon
 40187 | Vaults:4 | Killed a golden dragon
 40293 | Vaults:4 | Identified the +5 rapier of Gotsaz {protect, rF+ Int+6}
 40872 | Depths:1 | Entered Level 1 of the Depths
 40891 | Depths:1 | Reached XP level 22. HP: 239/247 MP: 25/25
 40988 | Depths:1 | Found a gateway to Hell.
 41291 | Depths:1 | Found a corrupted altar of Lugonu.
 41381 | Depths:1 | Found a one-way gate to the infinite horrors of the Abyss.
 41408 | Depths:1 | Found a sacrificial altar of Ru.
 41654 | Depths:1 | Found a radiant altar of Vehumet.
 41910 | Depths:1 | Identified the +5 spear of Caoxkiux {vorpal, Int+4}
 42106 | Depths:2 | Found a one-way gate leading to the halls of Pandemonium.
 42175 | Depths:2 | Lost mutation: You are extremely strong-willed. (Will+++)
                  | [Jiyva's grace]
 42175 | Depths:2 | Gained mutation: You have supernaturally acute eyesight.
                  | (SInv) [Jiyva's grace]
 42175 | Depths:2 | Gained mutation: You have large cloven feet. [Jiyva's
                  | grace]
 42175 | Depths:2 | Gained mutation: You have hoof-like feet. [Jiyva's grace]
 42175 | Depths:2 | Gained mutation: You have hooves in place of feet. [Jiyva's
                  | grace]
 42180 | Depths:2 | Noticed a juggernaut
 42197 | Depths:2 | Killed a juggernaut
 42270 | Depths:2 | Reached skill level 10 in Crossbows
 42858 | Depths:2 | Reached skill level 15 in Dodging
 43133 | Depths:3 | Noticed a golden dragon
 43140 | Depths:3 | Killed a golden dragon
 43178 | Depths:3 | Found a one-way gateway to a ziggurat.
 43310 | Depths:3 | Noticed Boris
 43319 | Depths:3 | Killed Boris
 43724 | Depths:4 | Entered Level 4 of the Depths
 43837 | Depths:4 | Found a sacrificial altar of Ru.
 44430 | Depths:4 | Found a gate to the Realm of Zot.
 44914 | Crypt:1  | Entered Level 1 of the Crypt
 44968 | Crypt:1  | Lost mutation: You have hooves in place of feet. [Jiyva's
                  | grace]
 44968 | Crypt:1  | Lost mutation: Your flesh is almost immune to the effects
                  | of cold. (rC+++) [Jiyva's grace]
 44968 | Crypt:1  | Lost mutation: Your flesh is very cold resistant. (rC++)
                  | [Jiyva's grace]
 44968 | Crypt:1  | Lost mutation: You are highly strong-willed. (Will++)
                  | [Jiyva's grace]
 44968 | Crypt:1  | Gained mutation: You have a small jelly attached to you
                  | that senses nearby items. [Jiyva's grace]
 44968 | Crypt:1  | Gained mutation: You have hooves in place of feet. [Jiyva's
                  | grace]
 44968 | Crypt:1  | Gained mutation: Your rubbery body absorbs attacks. (AC +1,
                  | EV +1) [Jiyva's grace]
 44968 | Crypt:1  | Gained mutation: Your pliable body absorbs attacks. (AC +2,
                  | EV +2) [Jiyva's grace]
 45014 | Crypt:1  | Reached XP level 23. HP: 260/260 MP: 26/26
 45069 | Crypt:1  | Noticed Boris
 45234 | Crypt:1  | Killed Boris
 45858 | Crypt:2  | Noticed Boris
 45869 | Crypt:2  | Killed Boris
 45878 | Crypt:2  | Noticed Xtahua
 45903 | Crypt:2  | Gained mutation: You are highly strong-willed. (Will++)
                  | [hidden potential]
 45906 | Crypt:2  | Killed Xtahua
 46052 | Crypt:2  | Reached skill level 15 in Evocations
 46339 | Crypt:2  | Lost mutation: You have hooves in place of feet. [Jiyva's
                  | grace]
 46339 | Crypt:2  | Lost mutation: You have supernaturally acute eyesight.
                  | (SInv) [Jiyva's grace]
 46339 | Crypt:2  | Lost mutation: You are highly strong-willed. (Will++)
                  | [Jiyva's grace]
 46339 | Crypt:2  | Lost mutation: Your pliable body absorbs attacks. (AC +2,
                  | EV +2) [Jiyva's grace]
 46339 | Crypt:2  | Gained mutation: You possess an exceptional clarity of
                  | mind. [Jiyva's grace]
 46339 | Crypt:2  | Gained mutation: Your muscles are strong. (Str +2) [Jiyva's
                  | grace]
 46339 | Crypt:2  | Gained mutation: Your muscles are very strong. (Str +4)
                  | [Jiyva's grace]
 46339 | Crypt:2  | Gained mutation: Armour fits poorly on your pseudopods.
                  | [Jiyva's grace]
 46713 | Crypt:3  | Entered Level 3 of the Crypt
 47020 | Crypt:3  | Found a basalt altar of Yredelemnul.
 47021 | Crypt:3  | Noticed a dread lich
 47028 | Crypt:3  | Killed a dread lich
 47141 | Crypt:3  | Found a staircase to the Tomb.
 47245 | Crypt:3  | Noticed Frederick
 47256 | Crypt:3  | Killed Frederick
 47973 | Vaults:5 | Entered Level 5 of the Vaults
 48107 | Vaults:5 | Reached XP level 24. HP: 275/277 MP: 26/26
 48197 | Vaults:5 | Identified the ring "Simpy" {Str+6 Slay+3}
 48225 | Vaults:5 | Identified the +6 rapier "Macoiq" {drain, rElec Int+5}
 48305 | Vaults:5 | Identified the +1 hand axe of Cuttyij {vamp, rPois rC+
                  | Int+5}
 48412 | Vaults:5 | Identified the +1 chain mail "Feyrik" {rCorr}
 48412 | Vaults:5 | Identified the ring of Deoh {Ice Int+5}
 48477 | Vaults:5 | Found the +3 warlock's mirror {reflect}
 48492 | Vaults:5 | Got the Reference Book on the Arsonist
 48513 | Vaults:5 | Got the Reference Book on Companions and Confrontation
 48516 | Vaults:5 | Identified the ring "Zudah" {rPois MP+9}
 48592 | Vaults:5 | Gained mutation: Your spells are a little harder to cast,
                  | but a little more powerful. [hidden potential]
 48592 | Vaults:5 | Lost mutation: You have great hidden genetic potential.
                  | [hidden potential expressed]
 48596 | Vaults:5 | Identified the +7 executioner's axe of the Screaming Moth
                  | {vorpal, Will++ Dex+2}
 48618 | Vaults:5 | Identified the ring of Ror Peyw {rF- rC+ rCorr Str+4}
 48823 | Vaults:5 | Noticed a dread lich
 48832 | Vaults:5 | Killed a dread lich
 49178 | Vaults:5 | Lost mutation: Your flesh is cold resistant. (rC+) [Jiyva's
                  | grace]
 49178 | Vaults:5 | Lost mutation: You are robust. (+10% HP) [Jiyva's grace]
 49178 | Vaults:5 | Lost mutation: Your muscles are very strong. (Str +4)
                  | [Jiyva's grace]
 49178 | Vaults:5 | Lost mutation: Armour fits poorly on your pseudopods.
                  | [Jiyva's grace]
 49178 | Vaults:5 | Lost mutation: You are covered in slimy tendrils that may
                  | disarm your opponents. [Jiyva's grace]
 49178 | Vaults:5 | Lost mutation: You have a small jelly attached to you that
                  | senses nearby items. [Jiyva's grace]
 49178 | Vaults:5 | Gained mutation: You have acidic saliva. [Jiyva's grace]
 49178 | Vaults:5 | Gained mutation: You are mostly covered in large bone
                  | plates. (SH +6) [Jiyva's grace]
 49178 | Vaults:5 | Gained mutation: You are completely covered in large bone
                  | plates. (SH +8) [Jiyva's grace]
 49178 | Vaults:5 | Gained mutation: Your spells are harder to cast, but more
                  | powerful. [Jiyva's grace]
 49201 | Vaults:5 | Got a silver rune of Zot
 49692 | Depths:1 | Voluntarily entered the Abyss.
 50106 | Depths:1 | Escaped the Abyss
 50241 | Zot:1    | Entered Level 1 of the Realm of Zot
 50623 | Zot:1    | Noticed an orb of fire
 50626 | Zot:1    | Gained mutation: Your magical capacity is low. (-10% MP)
                  | [an orb of fire]
 50644 | Zot:1    | Killed an orb of fire
 51450 | Zot:1    | Found a basalt altar of Yredelemnul.
 52037 | Zot:2    | Reached XP level 25. HP: 257/265 MP: 21/21
 52397 | Zot:2    | Lost mutation: You have hoof-like feet. [Jiyva's grace]
 52397 | Zot:2    | Lost mutation: You are completely covered in large bone
                  | plates. (SH +8) [Jiyva's grace]
 52397 | Zot:2    | Lost mutation: You possess an exceptional clarity of mind.
                  | [Jiyva's grace]
 52397 | Zot:2    | Lost mutation: Your magical capacity is low. (-10% MP)
                  | [Jiyva's grace]
 52397 | Zot:2    | Lost mutation: You are strong-willed. (Will+) [Jiyva's
                  | grace]
 52397 | Zot:2    | Lost mutation: Your system is resistant to poisons. (rPois)
                  | [Jiyva's grace]
 52397 | Zot:2    | Lost mutation: Your spells are harder to cast, but more
                  | powerful. [Jiyva's grace]
 52397 | Zot:2    | Lost mutation: You have acidic saliva. [Jiyva's grace]
 52397 | Zot:2    | Gained mutation: Your flesh is cold resistant. (rC+)
                  | [Jiyva's grace]
 52397 | Zot:2    | Gained mutation: Your flesh is very cold resistant. (rC++)
                  | [Jiyva's grace]
 52397 | Zot:2    | Gained mutation: Your flesh is almost immune to the effects
                  | of cold. (rC+++) [Jiyva's grace]
 52397 | Zot:2    | Gained mutation: You have acidic saliva. [Jiyva's grace]
 53401 | Zot:3    | Gained mutation: You passively dampen the noise of your
                  | surroundings. [hidden potential]
 53781 | Zot:3    | Identified the +2 hand axe of Hamist {venom, rPois Str+2}
 54556 | Zot:4    | Lost mutation: You are mostly covered in large bone plates.
                  | (SH +6) [Jiyva's grace]
 54556 | Zot:4    | Lost mutation: Your flesh is almost immune to the effects
                  | of cold. (rC+++) [Jiyva's grace]
 54556 | Zot:4    | Lost mutation: Your muscles are strong. (Str +2) [Jiyva's
                  | grace]
 54556 | Zot:4    | Lost mutation: You have acidic saliva. [Jiyva's grace]
 54556 | Zot:4    | Lost mutation: Your rubbery body absorbs attacks. (AC +1,
                  | EV +1) [Jiyva's grace]
 54556 | Zot:4    | Gained mutation: Your melee attacks may engulf your foes in
                  | ooze. [Jiyva's grace]
 54556 | Zot:4    | Gained mutation: Your spells are harder to cast, but more
                  | powerful. [Jiyva's grace]
 54556 | Zot:4    | Gained mutation: Your spells are much harder to cast, but
                  | much more powerful. [Jiyva's grace]
 54556 | Zot:4    | Gained mutation: You have hoof-like feet. [Jiyva's grace]
 54743 | Zot:5    | Entered Level 5 of the Realm of Zot
 55132 | Zot:5    | Noticed an ancient lich
 55132 | Zot:5    | Noticed an ancient lich
 55151 | Zot:5    | Killed an ancient lich
 55162 | Zot:5    | Killed an ancient lich
 55216 | Zot:5    | Lost mutation: You have hidden genetic potential. [a
                  | neqoxec]
 55227 | Zot:5    | Gained mutation: Potions are less effective at restoring
                  | your health. [a neqoxec]
 55244 | Zot:5    | Noticed a Killer Klown
 55246 | Zot:5    | Noticed an ancient lich
 55247 | Zot:5    | Noticed an ancient lich
 55249 | Zot:5    | Noticed an orb of fire
 55262 | Zot:5    | Killed an ancient lich
 55266 | Zot:5    | a Killer Klown changed into a titan
 55269 | Zot:5    | Killed an ancient lich
 55383 | Zot:5    | Noticed a Killer Klown
 55400 | Zot:5    | Killed a Killer Klown
 55429 | Zot:5    | Lost mutation: Potions are less effective at restoring your
                  | health. [an orb of fire]
 55443 | Zot:5    | Killed an orb of fire
 55605 | Zot:5    | Noticed an orb of fire
 55607 | Zot:5    | Gained mutation: You are weak. (Str -2) [an orb of fire]
 55608 | Zot:5    | Gained mutation: You are frail. (-10% HP) [an orb of fire]
 55624 | Zot:5    | Gained mutation: You occasionally shout uncontrollably at
                  | your foes. [an orb of fire]
 55627 | Zot:5    | Killed an orb of fire
 55695 | Zot:5    | Noticed a Killer Klown
 55695 | Zot:5    | Noticed a Killer Klown
 55697 | Zot:5    | Noticed an ancient lich
 55719 | Zot:5    | Killed a Killer Klown
 55723 | Zot:5    | Killed an ancient lich
 55724 | Zot:5    | Reached XP level 26. HP: 245/249 MP: 25/25
 56095 | Zot:5    | Got the Orb of Zot
 56643 | D:12     | Noticed a seraph
 56749 | D:6      | Noticed Xyryweig the pandemonium lord
 56754 | D:6      | Noticed Ympiergh the pandemonium lord
 56920 | D:$      | Escaped with the Orb!

Illustrated notes

Levels and vault maps discovered:
D:1:      matt_arrival_los_fun, layout_basic, serial_shops, shop_fountains,
          ebering_ecumenical_altar_hall
D:2:      layout_rooms, serial_co_window_serial, co_window_of_opportunity_a,
          co_window_paths_b, co_window_paths_a, co_window_corner_a,
          co_window_corner_a, co_window_corner_a, co_window_paths_a,
          co_window_corner_a, co_window_corner_a, co_window_of_opportunity_c,
          co_window_unsneaky_path_d, co_window_corner_b, co_window_corner_b,
          glass_columns_a, kennysheep_generic_room_7
D:3:      layout_basic, corexii_corridor_pit
D:4:      layout_cave_pools, gammafunk_temple_overflow_forgotten, temple_hall
D:5:      layout_loops_ring, kennysheep_generic_room_3
D:6:      layout_loops_corners, enter_ossuary_2
D:7:      layout_cave_pools, amcnicky_mini_pool_medium
D:8:      layout_gridville, erik_lair_orcish_takeover, enter_bailey_5, uniq_grum
D:9:      layout_loops_ring, mainiacjoe_overflow_chevrons, uniq_psyche,
          uniq_pikel
D:10:     layout_irregular_city, minivault_15, uniq_joseph, uniq_sonja
D:11:     layout_stronghold, enter_trove_2, nicolae_two_hexagons, uniq_snorg
D:12:     layout_stronghold, minmay_orc_entry_guard_dogs, serial_shops, shop
D:13:     layout_basic, david_vaults_5, special_room [special_room_bee],
          minmay_guarded_unrand_resistance
D:14:     layout_long_grid, fedhas_altar_4
D:15:     gammafunk_depths_entry_grave, layout_loops_ring, serial_shops,
          nicolae_square_shop, gauntlet_entry_generic,
          nicolae_uskayaw_dance_hall, uniq_kirke
Temple:   eino_narrow_crystal_temple
Lair:1:   layout_concentric_octagons, gammafunk_ghost_ooze,
          nicolae_lair_grove_arrangements, small_statue_intersection,
          grunt_megastairs_1
Lair:2:   cheibrodos_lair_overgrown_chateau, layout_small_grid, swamp_mist_pool,
          dummy_snake_entry, st_stairs_5
Lair:3:   gammafunk_cloud_chamber, layout_layer_cave
Lair:4:   layout_misc_corridors
Lair:5:   layout_cave_pods
Lair:6:   evilmike_catoblepas_cave, layout_regular_city, slime_altar_1,
          portal_ice_cave_entry_imps, serial_rivers,
          chequers_serial_rivers_micro_e, chequers_serial_rivers_micro_d,
          chequers_serial_rivers_room_b, chequers_serial_rivers_small_3,
          chequers_serial_rivers_room_a, chequers_serial_rivers_micro_d,
          kennysheep_basilisk_garden, serial_bayou_shore_b
Swamp:1:  layout_basic_swamp, evilmike_swamp_ruin_house_3, swamp_pool1
Swamp:2:  layout_falls_marsh, hangedman_swamp_blocks
Swamp:3:  layout_falls_marsh, evilmike_swamp_ruin_rubble_1,
          infiniplex_staircase_pool
Swamp:4:  swamp_old_school, layout_basic_swamp
Snake:1:  layout_grid_maze, basic_altar, nicolae_snake_boneroom, uniq_azrael
Snake:2:  layout_gridlike, basic_altar, nicolae_specific_store,
          grunt_ministairs_5, nicolae_snake_naga_rites, serial_bayou_shore_a,
          uniq_aizul, uniq_vashnia, uniq_donald, uniq_jorgrun
Snake:3:  layout_layer_cave, hellmonk_ghost_happy_afterlife,
          nicolae_snake_salamander_stairs, uniq_nikola
Snake:4:  snake_pit, layout_cave_shapes, nicolae_snake_horde_hoard
Slime:1:  layout_caves, cheibrodos_slime_lost_civilization_5
Slime:2:  layout_caves
Slime:3:  layout_caves
Slime:4:  layout_caves, nicolae_slime_phagocytosis
Slime:5
Orc:1:    layout_caves, uniq_nergalle
Orc:2:    st_orc_ogre_mass, layout_caves, gammafunk_ghost_grave
Elf:1:    nicolae_elf_arrival_fired_up, layout_geoelf_diagonals,
          hangedman_corner_corridor, minmay_shop_star
Elf:2:    nicolae_elf_blades_splatter_lattice [nicolae_blade_bullseye],
          layout_geoelf_octagon, special_room [special_room_mythical_zoo]
Elf:3:    minmay_elf_hall_furrowed, layout_rooms, mu_enter_wizlab_1,
          minmay_shoptagon, uniq_louise, uniq_saint_roka
Vaults:1: ontoclasm_vaults_tryst, nicolae_vaults_ring_of_whatevers, v_misc_15,
          grunt_vaults_trifunnel, nicolae_vaults_specimen_jars,
          vaults_standard_mumra_lines, nicolae_vaults_network_quinsquares
          [nicolae_vaults_network_quincunx_subvault,
          nicolae_vaults_network_quincunx_subvault,
          nicolae_vaults_network_quincunx_subvault,
          nicolae_vaults_network_quincunx_subvault],
          vaults_mumra_minichess_inversion, nicolae_vaults_ring_of_whatevers,
          v_misc_9, hangedman_vaults_nails, ontoclasm_vaults_loading_screen,
          nicolae_vaults_asterisk, v_misc_25, layout_vaults_maze_bifur
Vaults:2: hangedman_vaults_slither, v_misc_8, ontoclasm_vaults_ring_square,
          grunt_vaults_bifocal, vaults_mumra_bighexcomb, v_alt_pattern_4,
          hangedman_vaults_stagger, ontoclasm_vaults_gateway,
          ontoclasm_vaults_decontamination, vaults_room_stairs_pillars,
          v_misc_2, vaults_room_stairs_pillars, layout_vaults_omnicross
Vaults:3: v_pattern_5, v_misc_29, vaults_mumra_hexcomb,
          grunt_vaults_hallway_long, dpeg_vaults_monster_row, v_misc_24,
          v_misc_29, blue_anna_dwarven_crypt, v_misc_8, grunt_vaults_swirl,
          nicolae_vaults_little_ls, layout_vaults_omnigrid, serial_shops, shop,
          shop, nicolae_lakefront_shop
Vaults:4: portal_desolation_entry_nicolae_slug, v_misc_31,
          nicolae_vaults_statue_guard, ontoclasm_vaults_ring_large,
          hangedman_vaults_stretched_pinwheel, grunt_vaults_diagonal,
          grunt_vaults_funnel, nicolae_vaults_little_squares_6, v_misc_4,
          v_alt_pattern_3, hangedman_vaults_slice, vaults_room_pool,
          layout_vaults_ring, serial_shops, nicolae_shop_stone, uniq_boris
Vaults:5
Crypt:1:  layout_regular_city, grunt_ministairs_1
Crypt:2:  layout_catacombs, uniq_xtahua
Crypt:3:  cryptofortress_bobbens, uniq_frederick
Depths:1: layout_basic, hell_entry, abyss_entry_flame_altar,
          nicolae_ru_sacrificial_ziggurat, vehumet_crystals,
          serial_bayou_shore_b
Depths:2: evilmike_cross, layout_small_grid, hell_entry, rand_demon_pan_entry_3,
          hangedman_abyss_entry_splay, firewood_loft
Depths:3: kennysheep_funnel, layout_gridlike, enter_ziggurat_b, hell_entry,
          abyss_entry, grunt_pan_entry_in_and_out, infiniplex_staircase_zigzag_1
Depths:4: grunt_zot_entry_hairpin, layout_cave_pools, serial_sigils,
          serial_sigils_hangedman_carve, serial_sigils_hangedman_scar,
          serial_sigils_hangedman_etch, serial_sigils_hangedman_gnaw,
          old_standard_altar, hell_entry
Zot:1:    hangedman_orp_of_zott, layout_basic
Zot:2:    layout_cathedral_of_symmetry
Zot:3:    layout_onion, grunt_megastairs_3
Zot:4:    layout_misc_corridors, st_single_dragon_hoard_4, lemuel_golem_globe
Zot:5:    layout_onion

Skill      XL: |  1  2  3  4  5  6  7  8  9 10 11 12 13 14 15 16 17 18 19 20 21 22 23 24 25 26 |
---------------+-------------------------------------------------------------------------------+-----
Fighting       | 3 4 5 6 7 8 9 10 13 15 17 18 19 20 22 23 24 | 24.4
Shields        | 4 5 6 7 11 14 15 17 18 | 18.0
Axes           | 3 4 5 7 10 12 13 14 | 14.0
Armour         | 4 5 7 9 12 13 15 16 17 18 20 22 23 24 | 24.1
Stealth        | 1 |  1.3
Spellcasting   | 1 2 3 4 5 6 |  6.0
Dodging        | 2 5 10 12 13 15 17 19 | 19.9
Evocations     | 1 5 9 10 12 13 15 | 15.0
Maces & Flails | 6 8 10 12 13 14 15 16 | 16.2
Crossbows      | 8 10 | 10.0

Action                   |  1- 3 |  4- 6 |  7- 9 | 10-12 | 13-15 | 16-18 | 19-21 | 22-24 | 25-27 || total
-------------------------+-------+-------+-------+-------+-------+-------+-------+-------+-------++-------
Melee: War axe           |    79 |    90 |   345 |   328 |       |       |       |       |       ||   842
       Trident           |       |    48 |    67 |    27 |       |       |       |       |       ||   142
       Morningstar       |       |       |       |   246 |  1127 |  1516 |  1789 |  1929 |   684 ||  7291
       Unarmed           |       |       |       |     1 |       |       |       |       |       ||     1
       Pseudopods        |       |       |       |       |    57 |   174 |       |   212 |       ||   443
       Headbutt          |       |       |       |       |       |   208 |   115 |       |       ||   323
       Bite              |       |       |       |       |       |       |    64 |    84 |    56 ||   204
       Kick              |       |       |       |       |       |       |       |   408 |       ||   408
 Fire: Hand crossbow     |       |       |       |       |       |       |    14 |   163 |   189 ||   366
Throw: Boomerang         |     3 |    92 |    30 |    16 |       |       |     3 |       |     1 ||   145
       Dart              |       |       |     3 |     1 |       |       |       |       |       ||     4
Invok: Oozemancy         |       |       |       |       |       |       |     1 |    15 |       ||    16
       Slimify           |       |       |       |       |       |       |     1 |       |       ||     1
 Abil: Heal Wounds       |     1 |     1 |    18 |    11 |       |       |     9 |     6 |       ||    46
Evoke: Wand              |       |       |     4 |     9 |       |       |       |       |     2 ||    15
       Lightning rod     |       |       |       |       |       |       |     1 |       |       ||     1
       Box of beasts     |       |       |       |       |       |       |       |     1 |       ||     1
  Use: Scroll            |       |     1 |       |    13 |     9 |    10 |    11 |     4 |     5 ||    53
       Potion            |       |       |     1 |     1 |       |       |       |     2 |     3 ||     7
 Stab: Petrified         |       |       |       |       |       |       |     2 |       |       ||     2
       Distracted        |       |       |       |       |       |       |       |     2 |       ||     2
       Confused          |       |       |       |       |       |       |       |       |     2 ||     2
Armor: Scale mail        |    42 |    35 |       |       |       |       |       |       |       ||    77
       Chain mail        |       |    47 |   241 |    25 |       |       |       |       |       ||   313
       Crystal plate arm |       |       |       |   521 |   750 |       |       |       |       ||  1271
       Skin              |       |       |       |     4 |       |       |       |       |       ||     4
       Gold dragon scale |       |       |       |       |   212 |   869 |   721 |   876 |   368 ||  3046
Dodge: Dodged            |    48 |    59 |   139 |   254 |   279 |   515 |   481 |   608 |   240 ||  2623
       Repelled          |       |       |       |       |     5 |    42 |    25 |    18 |    23 ||   113
Block: Buckler           |    17 |    44 |    80 |   110 |       |       |       |       |       ||   251
       Tower shield      |       |       |       |   432 |  1849 |  1129 |       |       |       ||  3410
       Reflection        |       |       |       |    28 |    28 |   197 |   135 |    46 |    11 ||   445
       Kite shield       |       |       |       |       |       |  1078 |  1855 |  2170 |   796 ||  5899
